[Event "Team 45 45 League T75"]
[Site "Internet Chess Club"]
[Date "2018.01.05"]
[Round "3"]
[White "drsigmund1"]
[Black "AVEMARIA"]
[Result "0-1"]
[WhiteElo "1435"]
[BlackElo "1618"]
[Opening "Queen's pawn: London system"]
[ECO "A45"]
[Time "16:30:36"]
[TimeControl "2700+45"]

1. d4 Nf6 2. Bf4 d5 3. e3 e6 4. Nd2 Bd6 5. Bg3 O-O 6. Bd3 c5 7. c3 Nc6 8. Ngf3
b6 9. Ne5 Bb7 10. Qe2 cxd4 11. exd4 Ne7 12. Bh4 Ng6 13. Bxf6 gxf6 14. Ng4 Nf4
15. Qf3 Nxd3+ 16. Qxd3 f5 17. h3 Kh8 18. Nf3 Qe7 19. Ne3 Rg8 20. g4 f4 21. Ng2
e5 22. dxe5 Bxe5 23. O-O-O d4 24. Ngh4 dxc3 25. bxc3 Qa3+ 26. Kb1 Bxc3 27. Rd2
Qb4+ 28. Kc1 Bxd2+ 29. Nxd2 {White resigns} 0-1

[Event "Team 45 45 League T75"]
[Site "Internet Chess Club"]
[Date "2018.01.05"]
[Round "3"]
[White "julesraider"]
[Black "Brazuka"]
[Result "1-0"]
[WhiteElo "1511"]
[BlackElo "1069"]
[Opening "QGA, 4.Nc3"]
[ECO "D24"]
[Time "20:02:02"]
[TimeControl "2700+45"]

1. d4 d5 2. c4 dxc4 3. Nc3 Nf6 4. Nf3 e6 5. e4 Bb4 6. Bg5 O-O 7. Bxc4 Re8 8. e5
Nbd7 9. exf6 Bxc3+ 10. bxc3 Nxf6 11. O-O a6 12. Qa4 Bd7 13. Qb3 b5 14. Bd3 h6
15. Bxf6 Qxf6 16. Ne5 Rad8 17. Qa3 c5 18. Qxc5 Rc8 19. Qb4 Red8 20. Qa5 h5 21.
Rac1 h4 22. h3 g5 23. f4 gxf4 24. Ng4 Qh8 25. Rxf4 f5 26. Ne5 Qh6 27. Rcf1 b4
28. Qxb4 Rb8 29. Qe7 Be8 30. Ng4 fxg4 31. Rxg4+ Bg6 32. Rxg6+ {Black resigns}
1-0

[Event "Team 45 45 League T75"]
[Site "Internet Chess Club"]
[Date "2018.01.07"]
[Round "3"]
[White "idjit"]
[Black "tuotuo123"]
[Result "1/2-1/2"]
[WhiteElo "1646"]
[BlackElo "1544"]
[Opening "Sicilian: closed"]
[ECO "B23"]
[Time "18:01:03"]
[TimeControl "2700+45"]

1. e4 c5 2. Nc3 d6 3. f4 Nc6 4. Nf3 g6 5. Bb5 Bg7 6. Bxc6+ bxc6 7. d3 Qb6 8. O-O
c4+ 9. d4 Bg4 10. Be3 Qxb2 11. Qd2 Nf6 12. h3 Bxf3 13. Rab1 Qa3 14. Rxf3 O-O 15.
f5 e5 16. dxe5 dxe5 17. fxg6 fxg6 18. Bg5 Qc5+ 19. Kh1 Rad8 20. Qf2 Qxf2 21.
Rxf2 Rd7 22. Rbf1 Nh5 23. Rxf8+ Bxf8 24. Ne2 Be7 25. Bxe7 Rxe7 26. g4 Ng7 27.
Rf6 Re6 28. Rf3 Rd6 29. Rc3 Rd2 30. Ng3 Rd4 31. Ne2 Rd2 32. Ng3 Rd4 33. Ne2 Rd2
34. Ng3 {Game drawn by repetition} 1/2-1/2

[Event "Team 45 45 League T75"]
[Site "Internet Chess Club"]
[Date "2018.01.06"]
[Round "3"]
[White "kwen2008"]
[Black "y3LL3r"]
[Result "0-1"]
[WhiteElo "1483"]
[BlackElo "1513"]
[Opening "Sicilian: Najdorf, Byrne (English) attack"]
[ECO "B90"]
[Time "16:08:27"]
[TimeControl "2700+45"]

1. e4 c5 2. Nf3 d6 3. d4 cxd4 4. Nxd4 Nf6 5. Nc3 a6 6. Be3 Ng4 7. Bg5 h6 8. Bh4
g5 9. Bg3 Bg7 10. Be2 Ne5 11. O-O Nbc6 12. Qd2 Nxd4 13. Kh1 Nxe2 14. Qxe2 Bg4
15. f3 Be6 16. Qf2 Qa5 17. a3 Qc5 18. Qe1 Rc8 19. Rc1 Nc4 20. Rb1 Nxb2 21. Rxb2
Bxc3 22. Qb1 Bxb2 23. Qxb2 O-O 24. Rc1 b5 25. f4 Qc3 26. Qb1 Rc4 27. f5 Bd7 28.
Re1 Qxc2 29. Qa1 Rfc8 30. e5 Bc6 31. Rg1 Qc3 32. Qxc3 Rxc3 33. exd6 exd6 34.
Bxd6 Be4 35. f6 Rc1 36. h3 Rxg1+ 37. Kxg1 Rc2 38. g4 Rg2+ 39. Kf1 Rd2 40. Be7
Rd3 41. Kf2 Rxh3 42. Ke1 Rg3 43. Kd2 Rxg4 44. Ke3 h5 45. Bd6 Bb7 46. Kf2 h4 47.
Ke3 h3 48. Kf2 Rg2+ 49. Ke3 h2 50. Bxh2 Rxh2 51. Kd4 g4 52. Ke3 g3 53. Kf4 g2
54. Ke5 g1=Q 55. Kf4 Rf2+ 56. Ke5 Qe1+ 57. Kd4 Rd2+ 58. Kc5 Qe3+ 59. Kb4 Qd4+
60. Ka5 Qd8+ 61. Kb4 Rd4+ 62. Kc3 Rd3+ 63. Kb4 Qd4+ 64. Ka5 Qa4+ 65. Kb6 Rd6+
66. Kc7 Qd4 67. Kxb7 Qb6+ 68. Kc8 Rd8# {White checkmated} 0-1

[Event "Team 45 45 League T75"]
[Site "Internet Chess Club"]
[Date "2018.01.07"]
[Round "3"]
[White "Demachaeron"]
[Black "dinosaurchess"]
[Result "1-0"]
[WhiteElo "1613"]
[BlackElo "1363"]
[Opening "Grünfeld: 5.e3"]
[ECO "D94"]
[Time "21:00:48"]
[TimeControl "2700+45"]

1. d4 Nf6 2. c4 g6 3. Nc3 d5 4. e3 Bg7 5. Nf3 O-O 6. cxd5 Nxd5 7. Bd2 Nxc3 8.
Bxc3 Re8 9. Bc4 e6 10. O-O b6 11. Qc2 Bb7 12. Rad1 Qe7 13. d5 Bxc3 14. Qxc3 exd5
15. Bxd5 c6 16. Bb3 Na6 17. Rd2 Nc5 18. Bc2 Ba6 19. Rfd1 Rad8 20. h3 Rxd2 21.
Rxd2 Rd8 22. Rxd8+ Qxd8 23. b4 Nd3 24. Nd4 c5 25. b5 cxd4 26. Qxd3 Bb7 27. Qxd4
Qg5 28. Be4 Bxe4 29. Qxe4 Qxb5 30. Qa8+ Kg7 31. Qxa7 Qb1+ 32. Kh2 Qb2 33. f4 b5
34. Qd4+ Qxd4 35. exd4 Kf6 36. Kg3 Ke6 37. Kf3 Kd5 38. Ke3 f5 39. a3 h6 40. Kd3
g5 41. fxg5 hxg5 42. g3 f4 43. gxf4 gxf4 44. h4 f3 45. h5 f2 46. Ke2 Kxd4 47. h6
Kc3 48. h7 Kb3 49. h8=Q f1=Q+ 50. Kxf1 Kxa3 51. Qc3+ Ka4 52. Qb2 b4 53. Ke2 b3
54. Kd3 Kb4 55. Kd4 Ka4 56. Kc4 Ka5 57. Qxb3 Ka6 58. Kc5 Ka7 59. Kc6 Ka8 60.
Qb7# {Black checkmated} 1-0

[Event "Team 45 45 League T75"]
[Site "Internet Chess Club"]
[Date "2018.01.05"]
[Round "3"]
[White "skywise"]
[Black "Bizzy-Ketty"]
[Result "0-1"]
[WhiteElo "1546"]
[BlackElo "1572"]
[Opening "Nimzo-Indian: 4.e3 O-O, 5.Bd3"]
[ECO "E47"]
[Time "18:01:25"]
[TimeControl "2700+45"]

1. d4 Nf6 2. c4 e6 3. Nc3 Bb4 4. e3 O-O 5. Bd3 d6 6. Nf3 Nbd7 7. O-O Bxc3 8.
bxc3 b6 9. Qc2 Bb7 10. e4 h6 11. Ba3 Re8 12. d5 Ng4 13. Be2 Nge5 14. Nd4 Nb8 15.
f4 Ned7 16. dxe6 fxe6 17. Bg4 Nf8 18. Bh5 Re7 19. e5 c5 20. exd6 Qxd6 21. Rad1
Qc7 22. Nb5 Qc8 23. Nd6 Qc7 24. Nxb7 Qxb7 25. Bf3 Nc6 26. Qa4 Rc8 27. Rd6 Rec7
28. Rfd1 a6 29. Rxc6 Rxc6 30. Rd6 b5 31. cxb5 axb5 32. Qe4 Qa6 33. Rxc6 Rxc6 34.
Qxc6 Qxa3 35. Qxb5 Qxc3 36. a4 c4 37. Kf2 Qd2+ 38. Kg3 c3 39. a5 c2 40. a6 c1=Q
41. a7 Qxf4+ 42. Kh3 Qe1 43. Qh5 Qh1 44. g3 Qfxf3 45. Qe8 Qa8 46. Qb8 Qhb7 47.
Qf4 Qaxa7 48. Qf1 Qa2 49. Qg1 Qb5 50. Kg4 Qf5+ 51. Kh4 Qg5+ 52. Kh3 Qh5# {White
checkmated} 0-1

[Event "Team 45 45 League T75"]
[Site "Internet Chess Club"]
[Date "2018.01.07"]
[Round "3"]
[White "kllrchris"]
[Black "krysto"]
[Result "1-0"]
[WhiteElo "1706"]
[BlackElo "1559"]
[Opening "French: Tarrasch, closed variation, main line"]
[ECO "C06"]
[Time "21:05:40"]
[TimeControl "2700+45"]

1. e4 e6 2. d4 d5 3. Nd2 Nf6 4. e5 Nfd7 5. Bd3 c5 6. c3 Nc6 7. Ne2 cxd4 8. cxd4
f6 9. exf6 Nxf6 10. O-O Bd6 11. Nf3 O-O 12. Bf4 Bxf4 13. Nxf4 Ng4 14. g3 e5 15.
dxe5 Ngxe5 16. Nxe5 Nxe5 17. Bxh7+ Kxh7 18. Qh5+ Kg8 19. Qxe5 Rf5 20. Qd4 Qd6
21. Rad1 Be6 22. Nxe6 Qxe6 23. Rfe1 Qf7 24. Re2 b6 25. Rde1 Rf8 26. f4 Qg6 27.
Kh1 Qg4 28. Re5 Rd8 29. Kg2 Rdf8 30. Qxd5+ Kh8 31. Rxf5 Rxf5 32. Re8+ Kh7 33.
Qe4 Kh6 34. h3 {Black resigns} 1-0

[Event "Team 45 45 League T75"]
[Site "Internet Chess Club"]
[Date "2018.01.06"]
[Round "3"]
[White "scostanzo212"]
[Black "WillC"]
[Result "0-1"]
[WhiteElo "1479"]
[BlackElo "1701"]
[Opening "King's Indian defense, 3.Nc3"]
[ECO "E61"]
[Time "16:38:23"]
[TimeControl "2700+45"]

1. d4 Nf6 2. c4 g6 3. Nc3 Bg7 4. e3 O-O 5. Bd3 d6 6. Nf3 Bg4 7. h3 Bxf3 8. Qxf3
c6 9. O-O Nbd7 10. b4 e5 11. dxe5 dxe5 12. Bb2 Qc7 13. c5 Rad8 14. e4 Nh5 15.
Ne2 Bh6 16. Bc4 Bd2 17. Bc3 Bh6 18. Rfd1 b6 19. cxb6 Nxb6 20. Bb3 Bg7 21. Rac1
Bh6 22. Ra1 Ng7 23. Rd3 Rxd3 24. Qxd3 Rd8 25. Qc2 Kf8 26. Rd1 f6 27. Rd3 Ke7 28.
Qd1 Rxd3 29. Qxd3 Ne6 30. Bd2 Bxd2 31. Qxd2 Qd6 32. Qxd6+ Kxd6 33. f3 Nd4 34.
Bd1 c5 35. bxc5+ Kxc5 36. Nxd4 exd4 37. Be2 Kb4 38. f4 Ka3 39. e5 fxe5 40. fxe5
Kxa2 41. e6 Nc8 42. Ba6 Ne7 43. Kf2 Kb2 44. Ke2 Kc3 45. g4 g5 46. Bd3 h6 47. Ba6
Ng8 48. Bd3 a5 49. Bb5 Kb4 50. Bc6 a4 51. Kd3 Ne7 52. Bxa4 Kxa4 53. Kxd4 Kb5 54.
Ke5 Kc6 55. Kf6 Kd6 56. Kf7 Nd5 57. e7 Nxe7 58. Kg7 Ke6 59. Kxh6 Kf6 60. Kh5 Ng6
61. Kh6 Nf4 62. Kh7 Nxh3 63. Kh6 Nf2 64. Kh5 Ne4 65. Kh6 Ke5 66. Kg6 Kf4 67. Kh5
Kg3 {White resigns} 0-1

[Event "Team 45 45 League T75"]
[Site "Internet Chess Club"]
[Date "2018.01.06"]
[Round "3"]
[White "JohLeb"]
[Black "Arthurhon"]
[Result "1-0"]
[WhiteElo "1616"]
[BlackElo "1436"]
[Opening "QGD Slav: 4.e3 Bf5"]
[ECO "D12"]
[Time "18:00:47"]
[TimeControl "2700+45"]

1. d4 d5 2. c4 c6 3. Nf3 Nf6 4. e3 Bf5 5. Nc3 Nbd7 6. Bd3 Bxd3 7. Qxd3 e6 8. O-O
Bd6 9. h3 O-O 10. e4 dxe4 11. Nxe4 Be7 12. Rd1 Rc8 13. Nxf6+ Nxf6 14. Be3 c5 15.
dxc5 Qxd3 16. Rxd3 Bxc5 17. Bxc5 Rxc5 18. b3 Rc7 19. Rad1 Rfc8 20. Ne5 Kf8 21.
f3 Rc5 22. Nd7+ Nxd7 23. Rxd7 R5c7 24. Kf2 Rxd7 25. Rxd7 Rb8 26. c5 Ke8 27. Rc7
Rd8 28. Ke2 Rd7 29. Rxd7 Kxd7 30. Kd3 Kc6 31. Kc4 f5 32. a4 g5 33. b4 h5 34. Kd4
b6 35. cxb6 axb6 36. Ke5 g4 37. Kxe6 gxf3 38. gxf3 f4 39. h4 b5 40. axb5+ Kxb5
41. Ke5 Kxb4 42. Kxf4 Kc5 43. Ke5 Kc6 44. Ke6 Kc5 45. f4 Kc4 46. f5 Kd4 47. Kf6
Ke4 48. Kg5 Ke5 49. f6 Ke6 50. Kg6 Kd7 51. f7 Ke7 52. Kg7 Ke6 53. f8=Q Kd5 54.
Qe7 Kc4 55. Qe5 Kb3 56. Qc5 Ka2 57. Qb4 Ka1 58. Kf6 Ka2 59. Ke5 Ka1 60. Kd4 Ka2
61. Kc3 Ka1 62. Qb2# {Black checkmated} 1-0

[Event "Team 45 45 League T75"]
[Site "Internet Chess Club"]
[Date "2018.01.07"]
[Round "3"]
[White "suicidepawn"]
[Black "viktory"]
[Result "1-0"]
[WhiteElo "1824"]
[BlackElo "1662"]
[Opening "Sicilian: accelerated fianchetto, modern variation"]
[ECO "B34"]
[Time "18:59:17"]
[TimeControl "2700+45"]

1. e4 c5 2. Nf3 Nc6 3. d4 cxd4 4. Nxd4 g6 5. Nc3 Bg7 6. Nxc6 bxc6 7. Bc4 Qc7 8.
O-O e6 9. Bg5 Nf6 10. Qd2 O-O 11. Bb3 d5 12. exd5 cxd5 13. Bh6 Ng4 14. Bf4 Be5
15. Bg3 Nxh2 16. Kxh2 f5 17. Bxe5 Qxe5+ 18. Kg1 f4 19. Qe2 Qf5 20. g4 Qg5 21. f3
a5 22. Rf2 Re8 23. Bxd5 Ra7 24. Bc6 Rd8 25. Ne4 {Black resigns} 1-0

[Event "Team 45 45 League T75"]
[Site "Internet Chess Club"]
[Date "2018.01.07"]
[Round "3"]
[White "lovely-14"]
[Black "chess2009"]
[Result "1-0"]
[WhiteElo "1535"]
[BlackElo "1651"]
[Opening "French: advance, Paulsen attack"]
[ECO "C02"]
[Time "13:18:35"]
[TimeControl "2700+45"]

1. e4 e6 2. d4 d5 3. e5 c5 4. c3 Nc6 5. Nf3 Qb6 6. Be2 cxd4 7. cxd4 Nge7 8. Na3
Nf5 9. Nc2 Be7 10. O-O O-O 11. b3 f6 12. exf6 Bxf6 13. Bb2 Bd7 14. Bd3 Rae8 15.
Re1 e5 16. dxe5 Nxe5 17. Nxe5 Bxe5 18. Bxe5 Nh4 19. Bd4 Qc7 20. Rxe8 Bxe8 21.
Ne3 Qf4 22. Nxd5 Qg5 23. Be4 Bg6 24. Be3 Qe5 25. Bxg6 Nxg6 26. Nb4 Qf6 27. Qd5+
Kh8 28. Bd4 Qf4 29. Nd3 Qd2 30. Qxb7 Rg8 31. Qe4 Nf8 32. Qe3 Qc2 33. Nb4 {Black
resigns} 1-0

[Event "Team 45 45 League T75"]
[Site "Internet Chess Club"]
[Date "2018.01.09"]
[Round "3"]
[White "ILRE"]
[Black "isaacdp"]
[Result "1-0"]
[WhiteElo "1619"]
[BlackElo "1477"]
[Opening "Queen's pawn: Torre attack"]
[ECO "A46"]
[Time "16:00:22"]
[TimeControl "2700+45"]

1. d4 Nf6 2. Nf3 e6 3. Bg5 d5 4. c3 c5 5. e3 Nc6 6. Nbd2 Bd7 7. Bd3 a6 8. O-O c4
9. Bc2 Be7 10. Ne5 h6 11. Bh4 O-O 12. f4 Be8 13. Qf3 Nd7 14. Bg3 f5 15. b3 cxb3
16. axb3 Nf6 17. Be1 Ne4 18. c4 Nxe5 19. fxe5 g5 20. Qh3 h5 21. Nxe4 dxe4 22.
Qg3 h4 23. Qf2 b5 24. Ba5 Qc8 25. d5 bxc4 26. d6 Bd8 27. Bxd8 Qxd8 28. Bxe4 Rc8
29. bxc4 Rxc4 30. Bd3 Rg4 31. h3 Rg3 32. Rxa6 Bd7 33. Rc1 f4 34. Qc2 Rf7 35. Be4
Rf8 36. Ra8 Qb6 37. Bh7+ Kh8 38. Rxf8+ Kg7 39. Qg6+ Kxf8 40. Qg8# {Black
checkmated} 1-0

[Event "Team 45 45 League T75"]
[Site "Internet Chess Club"]
[Date "2018.01.08"]
[Round "3"]
[White "mattwang"]
[Black "bennywins"]
[Result "0-1"]
[WhiteElo "1365"]
[BlackElo "1494"]
[Opening "Ruy Lopez: Graz variation"]
[ECO "C70"]
[Time "18:00:32"]
[TimeControl "2700+45"]

1. e4 e5 2. Nf3 Nc6 3. Bb5 a6 4. Ba4 b5 5. Bb3 Bc5 6. c3 Nf6 7. O-O O-O 8. d4
exd4 9. cxd4 Bb6 10. Re1 d5 11. exd5 Nxd5 12. Nc3 Nf6 13. Be3 Bg4 14. d5 Ne7 15.
Bxb6 cxb6 16. a3 Qd6 17. h3 Bh5 18. Qd3 Rad8 19. Rad1 Rd7 20. Bc2 Nexd5 21. Bb3
Rfd8 22. Nxd5 Nxd5 23. Qe4 Bxf3 24. gxf3 Qg6+ 25. Qxg6 hxg6 26. Re2 Nf4 27. Ree1
Nxh3+ 28. Kh2 {White resigns} 0-1

[Event "Team 45 45 League T75"]
[Site "Internet Chess Club"]
[Date "2018.01.05"]
[Round "3"]
[White "jjmolina"]
[Black "PolishRyszard"]
[Result "1/2-1/2"]
[WhiteElo "1729"]
[BlackElo "1799"]
[Opening "Sicilian: dragon, Yugoslav attack, Rauser variation"]
[ECO "B76"]
[Time "15:00:15"]
[TimeControl "2700+45"]

1. e4 g6 2. d4 Bg7 3. Nf3 c5 4. Nc3 cxd4 5. Nxd4 Nc6 6. Be3 Nf6 7. f3 O-O 8. Qd2
d6 9. O-O-O Nxd4 10. Bxd4 Be6 11. Kb1 Qc7 12. Nd5 Bxd5 13. exd5 Rfc8 14. Rc1 e5
15. dxe6 fxe6 16. Bc3 a6 17. g3 Re8 18. Bh3 Rad8 19. Rhe1 e5 20. Qf2 d5 21. Bd2
d4 22. Bg2 Qd6 23. Bg5 Rc8 24. Bxf6 Qxf6 25. Re4 Rf8 26. Rce1 Qd6 27. Qe2 Rc5
28. Qd3 Rfc8 29. Bh3 Rd8 30. f4 Rf8 31. fxe5 Rxe5 32. Rxe5 Bxe5 33. Qe4 Bg7 34.
Qe6+ Qxe6 35. Bxe6+ Kh8 36. Bd5 b6 37. Bc6 Bf6 38. Re8 Rxe8 39. Bxe8 Kg8 40. Bc6
Kf7 41. Bd5+ Ke7 42. Kc1 Kd6 43. Bg8 h6 44. Kd2 h5 45. Bf7 h4 46. Bxg6 hxg3 47.
hxg3 Ke5 48. Kd3 Bg5 49. b3 {Game drawn by mutual agreement} 1/2-1/2

[Event "Team 45 45 League T75"]
[Site "Internet Chess Club"]
[Date "2018.01.05"]
[Round "3"]
[White "cadmiumorange"]
[Black "limeinthecoke"]
[Result "1/2-1/2"]
[WhiteElo "1702"]
[BlackElo "1596"]
[Opening "Réti opening"]
[ECO "A04"]
[Time "14:00:26"]
[TimeControl "2700+45"]

1. Nf3 e6 2. d3 d5 3. g3 c5 4. Bg2 Ne7 5. O-O g6 6. Nbd2 Bg7 7. e4 Nbc6 8. Qe2
O-O 9. Re1 b6 10. Nf1 e5 11. Ne3 d4 12. Nd5 Bb7 13. a3 Nxd5 14. exd5 Qxd5 15.
Nxe5 Qxe5 16. Qxe5 Bxe5 17. Bxc6 Bxc6 18. Rxe5 Rfe8 19. Bf4 f6 20. Rxe8+ Rxe8
21. Kf1 g5 22. Bd2 Kf7 23. Re1 {Game drawn by mutual agreement} 1/2-1/2

[Event "Team 45 45 League T75"]
[Site "Internet Chess Club"]
[Date "2018.01.05"]
[Round "3"]
[White "idjit"]
[Black "ChessRooklift"]
[Result "1/2-1/2"]
[WhiteElo "1651"]
[BlackElo "1680"]
[Opening "Scotch: Schmidt variation"]
[ECO "C45"]
[Time "17:04:24"]
[TimeControl "2700+45"]

1. e4 Nc6 2. d4 e5 3. Nf3 exd4 4. Nxd4 Nf6 5. Nc3 Be7 6. Nf5 O-O 7. Nd5 Nxd5 8.
exd5 Ne5 9. d6 Bxd6 10. Nxd6 cxd6 11. Qxd6 Re8 12. Be3 Ng4 13. O-O-O Rxe3 {Game
drawn by mutual agreement} 1/2-1/2

[Event "Team 45 45 League T75"]
[Site "Internet Chess Club"]
[Date "2018.01.07"]
[Round "3"]
[White "Konstantinos"]
[Black "Demachaeron"]
[Result "1-0"]
[WhiteElo "1659"]
[BlackElo "1606"]
[Opening "QGD semi-Slav: 5...Nd7"]
[ECO "D45"]
[Time "14:31:20"]
[TimeControl "2700+45"]

1. d4 d5 2. c4 c6 3. Nc3 Nf6 4. e3 e6 5. Nf3 Nbd7 6. cxd5 exd5 7. Be2 Bd6 8. O-O
O-O 9. Re1 Re8 10. Nd2 Nf8 11. Qc2 Ng6 12. Bd3 Qc7 13. Nf3 Bg4 14. h3 Bxf3 15.
gxf3 Nh4 16. Qd1 Qd7 17. Bf1 Qf5 18. f4 Ne4 19. Bg2 h5 20. Nxe4 dxe4 21. Kh2 Re6
22. Rg1 Rg6 23. Bh1 Be7 24. Rxg6 Qxg6 25. f3 exf3 26. Bxf3 Nxf3+ 27. Qxf3 Qc2+
28. Qg2 Qxg2+ 29. Kxg2 f5 30. Bd2 Rd8 31. b4 c5 32. bxc5 Bxc5 33. Rc1 Bd6 34.
Be1 Kf7 35. Bh4 Rd7 36. Rc8 Ke6 37. Rh8 Rc7 38. Rxh5 Rc2+ 39. Kf3 Rxa2 40. Rg5
Bf8 41. d5+ Kf7 42. Rxf5+ Ke8 43. Re5+ Kf7 44. Bg5 Rd2 45. Ke4 a5 46. d6 a4 47.
Rb5 Rxd6 48. Rxb7+ Kg6 49. Ra7 a3 50. Ra8 Kf7 51. Kf3 Rd2 52. f5 Bb4 53. Ra7+
Kg8 54. f6 Bf8 55. h4 Ra2 56. Kg4 Ra1 57. Kh5 Rf1 58. Kg6 Rf3 59. f7+ Rxf7 60.
Rxf7 Bc5 61. Rxg7+ Kf8 62. Bf6 a2 63. Rb7 Ke8 64. e4 Be3 65. e5 a1=Q 66. Rb8+
Kd7 67. e6+ Kc7 68. Bxa1 Kxb8 69. Kf7 Kc7 70. e7 Bc5 71. e8=Q {Black resigns}
1-0

[Event "Team 45 45 League T75"]
[Site "Internet Chess Club"]
[Date "2018.01.08"]
[Round "3"]
[White "fishhead"]
[Black "alegro"]
[Result "1/2-1/2"]
[WhiteElo "1650"]
[BlackElo "1923"]
[Opening "Sicilian: Hungarian variation"]
[ECO "B27"]
[Time "12:05:00"]
[TimeControl "2700+45"]

1. e4 c5 2. Nf3 g6 3. d4 cxd4 4. Nxd4 Bg7 5. Bc4 Nc6 6. Nxc6 bxc6 7. Nc3 Nf6 8.
Bb3 O-O 9. Bg5 Ba6 10. Qd2 d6 11. f3 Qa5 12. Na4 Qc7 13. c4 Rfe8 14. O-O-O d5
15. Qc2 dxe4 16. Nc5 Qa5 17. Bxf6 exf6 18. Nxe4 f5 19. Nd6 Re7 20. c5 Bh6+ 21.
Kb1 Be3 22. Nxf7 Kg7 23. Nd6 Qxc5 24. Rhe1 Qxc2+ 25. Kxc2 {Game drawn by mutual
agreement} 1/2-1/2

[Event "Team 45 45 League T75"]
[Site "Internet Chess Club"]
[Date "2018.01.06"]
[Round "3"]
[White "kabindra"]
[Black "room-matt"]
[Result "0-1"]
[WhiteElo "1698"]
[BlackElo "1790"]
[Opening "Giuoco Piano"]
[ECO "C54"]
[Time "07:31:23"]
[TimeControl "2700+45"]

1. e4 e5 2. Nf3 Nc6 3. Bc4 Bc5 4. c3 Nf6 5. d3 d6 6. h3 a6 7. Bb3 O-O 8. O-O Be6
9. Bc2 Ba7 10. a3 Qe7 11. Qe2 Rad8 12. Bg5 h6 13. Be3 Bxe3 14. fxe3 Nb8 15. Nh4
Nxe4 16. Qh5 Ng3 {White resigns} 0-1

[Event "Team 45 45 League T75"]
[Site "Internet Chess Club"]
[Date "2018.01.03"]
[Round "3"]
[White "LinceHispano44"]
[Black "QuieroAprender"]
[Result "1-0"]
[WhiteElo "1733"]
[BlackElo "1547"]
[Opening "King's Indian: Smyslov system"]
[ECO "E61"]
[Time "15:13:38"]
[TimeControl "2700+45"]

1. Nf3 Nf6 2. c4 g6 3. d4 d6 4. Nc3 Bg7 5. Bg5 O-O 6. e3 Nbd7 7. Qc2 e5 8. Be2
Re8 9. O-O h6 10. Bh4 c5 11. dxe5 Nxe5 12. Rad1 Qc7 13. Nb5 Qe7 14. Nxd6 Nxf3+
15. Bxf3 Rd8 16. Nxc8 Raxc8 17. h3 g5 18. Bg3 b6 19. Rxd8+ Rxd8 20. Rd1 Rxd1+
21. Qxd1 Ne4 22. Bxe4 Qxe4 23. b3 f5 24. Qd5+ Qxd5 25. cxd5 b5 26. Kf1 Kf7 27.
Ke2 Bb2 28. Kd3 Kf6 29. f3 Be5 30. Bf2 a6 31. e4 Bd6 32. g4 f4 33. Be1 b4 34.
Bd2 Ke7 35. Kc4 Kf6 36. Be1 Ke5 37. Bf2 {Black resigns} 1-0

[Event "Team 45 45 League T75"]
[Site "Internet Chess Club"]
[Date "2018.01.06"]
[Round "3"]
[White "Andressa"]
[Black "Goli"]
[Result "0-1"]
[WhiteElo "1424"]
[BlackElo "1676"]
[Opening "Pirc: classical (two knights) system"]
[ECO "B06"]
[Time "15:05:59"]
[TimeControl "2700+45"]

1. e4 g6 2. d4 Bg7 3. Nf3 d6 4. Nc3 Nf6 5. Bc4 O-O 6. O-O Bg4 7. h3 Bxf3 8. Qxf3
Nc6 9. Be3 e5 10. d5 Ne7 11. Bg5 Nd7 12. a3 a6 13. Rab1 h6 14. Be3 f5 15. exf5
gxf5 16. Qe2 f4 17. Bd2 Nf5 18. Bd3 Nc5 19. Bxf5 Rxf5 20. Ne4 Nxe4 21. Qxe4 Qf6
22. Kh2 Kh8 23. c4 Rg8 24. Be1 f3 25. g3 h5 26. h4 Bh6 27. b4 Rg4 28. Qd3 Rxh4+
29. Kg1 Rg4 30. Kh2 Rh4+ 31. Kg1 Rh3 32. Bd2 Bxd2 33. Qxd2 h4 34. Qe1 Qg6 35.
Rb3 hxg3 36. fxg3 Rxg3+ 37. Kf2 Rg2+ 38. Ke3 Re2+ 39. Qxe2 fxe2 40. Rh1+ Rh5 41.
Rbb1 Rxh1 42. Rxh1+ Kg7 43. Kxe2 Qg2+ {White resigns} 0-1

[Event "Team 45 45 League T75"]
[Site "Internet Chess Club"]
[Date "2018.01.07"]
[Round "3"]
[White "rubo"]
[Black "bmw2002"]
[Result "1-0"]
[WhiteElo "1547"]
[BlackElo "1469"]
[Opening "King's Indian: London system"]
[ECO "A48"]
[Time "22:04:31"]
[TimeControl "2700+45"]

1. d4 Nf6 2. Nf3 g6 3. Bf4 Bg7 4. e3 d5 5. h3 O-O 6. Be2 c5 7. c3 Nc6 8. O-O Qb6
9. Qb3 Qxb3 10. axb3 cxd4 11. exd4 Bf5 12. Nbd2 Nd7 13. Bb5 Rfe8 14. Rfe1 a6 15.
Bxc6 bxc6 16. b4 f6 17. g4 e5 18. gxf5 exf4 19. Rxe8+ Rxe8 20. Rxa6 Nb8 21. Rb6
g5 22. Nb3 Bf8 23. Kf1 Bd6 24. Na5 Rc8 25. Rb7 Bc7 26. Nd2 h5 27. Ndb3 g4 28.
hxg4 hxg4 29. Nc5 f3 30. Ne6 Bd6 31. Rg7+ Kh8 32. Rxg4 Nd7 33. Rh4+ Kg8 34. Rg4+
Kh8 35. Rg7 Nb6 36. b3 Na8 37. Nb7 Bb8 38. Rd7 Nc7 39. Rd8+ Rxd8 40. Nbxd8 Nb5
41. Nxc6 Bd6 42. c4 Nc3 43. b5 dxc4 44. bxc4 Na4 45. c5 Bh2 46. b6 Nc3 47. b7
Nd5 48. b8=Q+ Bxb8 49. Nxb8 Ne7 50. c6 Kg8 51. c7 Kf7 52. Nd7 Nc8 53. d5 Ke7 54.
Ndc5 Kd6 55. Ne4+ Kxd5 56. Ng3 Ke5 57. Ke1 Kd6 58. Kd2 Kd7 59. Ne4 Ne7 60. Ng3
Nd5 61. Kd3 Nxc7 62. Nxc7 Kxc7 63. Ne4 Kd7 64. Nxf6+ Ke7 65. Nd5+ Kd6 66. Ke4
Kc6 67. Ke5 Kd7 68. f6 Ke8 69. Ke6 Kf8 70. Ne7 Ke8 71. f7+ Kf8 72. Ng6+ {Black
resigns} 1-0

[Event "Team 45 45 League T75"]
[Site "Internet Chess Club"]
[Date "2018.01.06"]
[Round "3"]
[White "chuckh2"]
[Black "zethhon"]
[Result "0-1"]
[WhiteElo "1294"]
[BlackElo "1355"]
[Opening "Queen's pawn, Mason variation"]
[ECO "D00"]
[Time "08:00:21"]
[TimeControl "2700+45"]

1. d4 d5 2. Bf4 e6 3. e3 Nf6 4. c3 Be7 5. Bd3 O-O 6. Nd2 b6 7. e4 dxe4 8. Nxe4
Bb7 9. Qe2 Nbd7 10. h3 c5 11. dxc5 Nxc5 12. O-O-O Qe8 13. Nxf6+ Bxf6 14. Nf3 Qa4
15. Bb1 Qxf4+ {White resigns} 0-1

[Event "Team 45 45 League T75"]
[Site "Internet Chess Club"]
[Date "2018.01.06"]
[Round "3"]
[White "g8wrb"]
[Black "BrerRabbit"]
[Result "1/2-1/2"]
[WhiteElo "1262"]
[BlackElo "1386"]
[Opening "Old Indian defense"]
[ECO "A53"]
[Time "15:04:12"]
[TimeControl "2700+45"]

1. d4 Nf6 2. c4 d6 3. g3 Nbd7 4. Bg2 c6 5. Nf3 e5 6. O-O Be7 7. Nc3 O-O 8. Bg5
h6 9. Be3 Ng4 10. Qd3 Nxe3 11. Qxe3 Bf6 12. Rad1 Re8 13. dxe5 Nxe5 14. Nxe5 Rxe5
15. Qd2 Be7 16. Ne4 d5 17. cxd5 Rxd5 18. Qc2 Rxd1 19. Rxd1 Qc7 20. Nc3 Be6 21.
Nd5 Bxd5 22. Bxd5 Qe5 23. Bb3 Rd8 24. Rxd8+ {Game drawn by mutual agreement}
1/2-1/2

[Event "Team 45 45 League T75"]
[Site "Internet Chess Club"]
[Date "2018.01.07"]
[Round "3"]
[White "WzeroMN"]
[Black "SeniorCitizen"]
[Result "1-0"]
[WhiteElo "1182"]
[BlackElo "1296"]
[Opening "French: advance, Paulsen attack"]
[ECO "C02"]
[Time "15:00:38"]
[TimeControl "2700+45"]

1. e4 e6 2. d4 d5 3. e5 c5 4. c3 Nc6 5. Nf3 Qb6 6. Be2 cxd4 7. Nxd4 Nxe5 8. Bb5+
Bd7 9. Bxd7+ Nxd7 10. O-O Bc5 11. Qb3 Qxb3 12. axb3 Bxd4 13. cxd4 Ne7 14. Bf4
Nf5 15. Be3 O-O 16. Nd2 Rac8 17. Nf3 Rc2 18. Rxa7 Rb8 19. Bf4 Rbc8 20. Rxb7 Nf6
21. Rb8 Rxb8 22. Bxb8 Rxb2 23. Rc1 g6 24. Be5 Kg7 25. g4 Rxb3 26. g5 {Black
resigns} 1-0